General information
- name: BNet
- type: Ladder team game (AT/RT)
- host: Battle.net
- saver: RODRIGO_BORGIA
map: FullScaleAssault
- players: 8
- length: 119:02
- speed: Fast
- version: 1.24 W3XP
- replay type: Public
» download(534 KB)
Players
team 1 (winner)

»
oreocookie (
yellow | 39 APM | 3153 actions | 81:44)
9 Dark Ranger
3 Black Arrow
3 Life Drain
1 Charm
2 Silence
7 Keeper of the Grove
2 Entangling Roots
3 Thorns Aura
1 Tranquility
1 Force of Nature
1 Blademaster
1 Critical Strike
» actions
| Basic commands | 8 | |
| Build / train | 155 | |
| Enter build submenu | 35 | |
| Enter hero's abilities submenu | 17 | |
| Give item / drop item | 6 | |
| Remove unit from queue | 5 | |
| Right click | 1754 | |
| Select / deselect | 1061 | |
| Use ability | 112 | |
3153 total
» units
| Wisp | 37 | |
| Archer | 6 | |
| Hippogryph | 16 | |
| Goblin Zeppelin | 5 | |
| Chimaera | 17 | |
| Goblin Shredder | 1 | |
| Wind Rider | 5 | |
| Tauren | 6 | |
| Shaman | 2 | |
| Dryad | 2 | |
97 total
» upgrades
| Strength of the Wild | 3 | |
| Hippogryph Taming | 1 | |
| Reinforced Hides | 3 | |
| Corrosive Breath | 1 | |
| Well Spring | 1 | |
| Ultravision | 1 | |
| Spiked Barricades | 1 | |
11 total
» buildings
| Moon Well | 8 | |
| Altar of Elders | 1 | |
| Ancient of War | 2 | |
| Tree of Life | 7 | |
| Tree of Ages | 2 | |
| Hunter's Hall | 1 | |
| Tree of Eternity | 1 | |
| Ancient of Wind | 2 | |
| Chimaera Roost | 2 | |
| Ancient of Wonders | 2 | |
| Ancient Protector | 5 | |
| Beastiary | 1 | |
| Ancient of Lore | 2 | |
36 total
» build order
00:14 Moon Well
00:39 Altar of Elders
00:52 Ancient of War
01:35 Moon Well
02:09 Ancient of War
02:25 Moon Well
04:36 Tree of Life
05:17 Tree of Ages
06:24 Hunter's Hall
06:37 Moon Well
07:38 Tree of Eternity
07:40 Ancient of Wind
08:46 Ancient of Wind
09:24 Moon Well
11:47 Chimaera Roost
11:51 Chimaera Roost
12:56 Tree of Life
16:10 Moon Well
16:15 Moon Well
17:16 Ancient of Wonders
22:38 Ancient Protector
27:43 Tree of Life
28:37 Tree of Life
28:56 Moon Well
31:39 Tree of Ages
36:56 Tree of Life
37:00 Ancient Protector
37:04 Ancient Protector
37:09 Ancient Protector
37:13 Ancient Protector
39:16 Beastiary
40:08 Tree of Life
51:36 Tree of Life
54:42 Ancient of Lore
54:46 Ancient of Lore
58:04 Ancient of Wonders
» items
| Scroll of Town Portal | 10 | |
| Scroll of Regeneration | 2 | |
| Potion of Healing | 3 | |
| Orb of Venom | 1 | |
| Dust of Appearance | 3 | |
19 total
nubaratchio (
red | 35 APM | 1100 actions | 31:46)
4 Blademaster
2 Wind Walk
2 Critical Strike
3 Pandaren Brewmaster
2 Breath of Fire
1 Drunken Brawler
3 Dark Ranger
2 Silence
1 Life Drain
» actions
| Build / train | 113 | |
| Enter build submenu | 26 | |
| Enter hero's abilities submenu | 10 | |
| Give item / drop item | 5 | |
| Remove unit from queue | 3 | |
| Right click | 436 | |
| Select / deselect | 440 | |
| Use ability | 67 | |
1100 total
» units
| Peon | 18 | |
| Grunt | 11 | |
| Shaman | 3 | |
| Tauren | 4 | |
| Troll Batrider | 35 | |
| Goblin Zeppelin | 2 | |
73 total
» upgrades
| Melee Weapons | 3 | |
| Armor | 3 | |
| Shaman Training | 2 | |
| Pulverize | 2 | |
| Liquid Fire | 1 | |
| Ranged Weapons | 3 | |
| Reinforced Defenses | 1 | |
| Spiked Barricades | 2 | |
17 total
» buildings
| Altar of Storms | 1 | |
| Orc Burrow | 9 | |
| Barracks | 1 | |
| War Mill | 1 | |
| Voodoo Lounge | 1 | |
| Stronghold | 1 | |
| Great Hall | 2 | |
| Fortress | 1 | |
| Spirit Lodge | 1 | |
| Tauren Totem | 2 | |
| Beastiary | 1 | |
21 total
» build order
00:06 Altar of Storms
00:09 Orc Burrow
00:53 Barracks
01:29 Orc Burrow
01:34 Orc Burrow
02:11 War Mill
03:07 Orc Burrow
03:34 Voodoo Lounge
04:39 Stronghold
06:16 Great Hall
06:32 Orc Burrow
06:36 Orc Burrow
07:14 Fortress
07:17 Spirit Lodge
09:37 Tauren Totem
10:07 Tauren Totem
10:39 Orc Burrow
14:45 Beastiary
14:51 Orc Burrow
14:53 Orc Burrow
28:59 Great Hall
» items
| Scroll of Regeneration | 1 | |
| Potion of Healing | 1 | |
| Potion of Mana | 1 | |
| Orb of Fire | 1 | |
| Orb of Lightning | 1 | |
5 total
RODRIGO_BORGIA (
teal | 58 APM | 6938 actions | 119:02)
9 Archmage
3 Summon Water Elemental
3 Blizzard
1 Mass Teleport
2 Brilliance Aura
1 Blademaster
1 Wind Walk
5 Dark Ranger
2 Black Arrow
2 Silence
1 Charm
2 Keeper of the Grove
2 Force of Nature
» actions
| Assign group hotkey | 227 | |
| Basic commands | 210 | |
| Build / train | 157 | |
| Enter build submenu | 156 | |
| Enter hero's abilities submenu | 17 | |
| Give item / drop item | 7 | |
| Right click | 3179 | |
| Select / deselect | 1766 | |
| Select group hotkey | 852 | |
| Use ability | 365 | |
6938 total
» units
| Peasant | 17 | |
| Footman | 3 | |
| Goblin Shredder | 4 | |
| Goblin Zeppelin | 4 | |
| Mortar Team | 10 | |
| Dragonhawk Rider | 6 | |
| Troll Batrider | 2 | |
46 total
» upgrades
| Defend | 1 | |
| Masonry | 3 | |
| Gunpowder | 3 | |
| Flare | 1 | |
| Fragmentation Shards | 1 | |
| Armor | 3 | |
| Envenomed Spears | 1 | |
| Storm Hammers | 1 | |
| Cloud | 1 | |
| Swords | 3 | |
| Animal War Training | 1 | |
19 total
» buildings
| Altar of Kings | 1 | |
| Barracks | 1 | |
| Farm | 7 | |
| Lumber Mill | 2 | |
| Arcane Vault | 1 | |
| Keep | 1 | |
| Scout Tower | 116 | |
| Guard Tower | 60 | |
| Town Hall | 1 | |
| Castle | 1 | |
| Blacksmith | 1 | |
| Workshop | 3 | |
| Gryphon Aviary | 3 | |
| Great Hall | 1 | |
199 total
» build order
00:15 Altar of Kings
00:25 Barracks
00:33 Farm
01:53 Lumber Mill
02:10 Farm
02:12 Farm
04:14 Arcane Vault
06:01 Keep
07:04 Scout Tower
07:06 Scout Tower
07:10 Scout Tower
07:17 Scout Tower
07:38 Guard Tower
07:40 Scout Tower
07:42 Scout Tower
07:48 Scout Tower
07:50 Scout Tower
08:02 Guard Tower
08:14 Guard Tower
08:16 Scout Tower
08:19 Scout Tower
08:21 Scout Tower
08:25 Scout Tower
08:29 Scout Tower
08:30 Scout Tower
08:43 Guard Tower
08:47 Scout Tower
08:50 Guard Tower
08:56 Scout Tower
09:38 Guard Tower
09:39 Scout Tower
09:42 Scout Tower
09:44 Scout Tower
09:45 Scout Tower
09:47 Guard Tower
09:48 Scout Tower
09:51 Scout Tower
10:23 Guard Tower
10:25 Scout Tower
10:27 Scout Tower
10:29 Scout Tower
10:31 Scout Tower
10:33 Scout Tower
10:35 Scout Tower
10:39 Guard Tower
10:54 Guard Tower
10:57 Scout Tower
10:58 Guard Tower
11:00 Scout Tower
11:03 Scout Tower
11:06 Scout Tower
11:08 Guard Tower
11:10 Scout Tower
11:12 Scout Tower
11:17 Guard Tower
11:42 Guard Tower
11:53 Scout Tower
11:55 Guard Tower
12:38 Scout Tower
12:41 Scout Tower
12:42 Scout Tower
12:45 Scout Tower
12:47 Scout Tower
12:48 Scout Tower
12:50 Guard Tower
12:52 Scout Tower
13:24 Town Hall
13:26 Scout Tower
13:36 Scout Tower
13:40 Guard Tower
14:07 Guard Tower
14:14 Guard Tower
14:20 Scout Tower
14:24 Scout Tower
14:28 Guard Tower
14:31 Scout Tower
14:34 Scout Tower
14:37 Scout Tower
14:40 Scout Tower
14:45 Guard Tower
15:02 Guard Tower
15:09 Scout Tower
15:12 Scout Tower
15:29 Guard Tower
15:34 Scout Tower
15:39 Guard Tower
15:40 Guard Tower
15:46 Scout Tower
15:49 Guard Tower
15:51 Scout Tower
15:54 Guard Tower
15:56 Scout Tower
16:02 Scout Tower
16:05 Scout Tower
16:06 Guard Tower
16:09 Scout Tower
16:21 Castle
16:43 Scout Tower
16:46 Guard Tower
16:50 Scout Tower
17:22 Scout Tower
17:24 Guard Tower
17:32 Scout Tower
17:34 Scout Tower
17:35 Guard Tower
17:38 Scout Tower
17:40 Scout Tower
17:42 Scout Tower
17:46 Guard Tower
18:03 Blacksmith
18:14 Scout Tower
18:17 Guard Tower
18:42 Guard Tower
19:12 Scout Tower
19:14 Scout Tower
19:18 Workshop
19:22 Workshop
19:25 Workshop
19:38 Scout Tower
19:40 Scout Tower
19:42 Scout Tower
19:45 Guard Tower
19:47 Scout Tower
19:49 Scout Tower
19:52 Scout Tower
20:06 Guard Tower
20:08 Scout Tower
20:10 Guard Tower
20:13 Scout Tower
20:15 Scout Tower
20:33 Guard Tower
20:44 Guard Tower
20:46 Scout Tower
21:26 Lumber Mill
21:48 Guard Tower
21:49 Scout Tower
22:10 Scout Tower
22:14 Scout Tower
22:41 Guard Tower
23:46 Guard Tower
23:48 Scout Tower
24:26 Farm
24:27 Farm
24:36 Guard Tower
26:23 Scout Tower
33:03 Scout Tower
33:12 Scout Tower
33:29 Scout Tower
33:37 Guard Tower
34:01 Guard Tower
34:04 Scout Tower
34:05 Guard Tower
35:06 Guard Tower
35:09 Scout Tower
35:18 Scout Tower
35:24 Scout Tower
35:28 Scout Tower
35:46 Guard Tower
35:49 Scout Tower
35:53 Scout Tower
36:00 Guard Tower
36:20 Guard Tower
36:25 Scout Tower
36:27 Scout Tower
36:29 Scout Tower
36:33 Scout Tower
36:54 Guard Tower
36:55 Guard Tower
36:57 Guard Tower
36:59 Scout Tower
37:03 Scout Tower
37:04 Guard Tower
37:11 Scout Tower
38:16 Guard Tower
38:37 Scout Tower
39:13 Guard Tower
39:16 Scout Tower
39:17 Scout Tower
39:19 Scout Tower
39:22 Scout Tower
39:24 Scout Tower
39:27 Scout Tower
40:08 Guard Tower
40:12 Scout Tower
41:22 Guard Tower
43:02 Scout Tower
43:02 Scout Tower
43:03 Scout Tower
43:04 Scout Tower
43:05 Scout Tower
43:06 Scout Tower
47:00 Guard Tower
47:02 Gryphon Aviary
47:08 Gryphon Aviary
47:11 Gryphon Aviary
51:09 Farm
51:12 Farm
69:58 Great Hall
76:50 Guard Tower
» items
| Potion of Healing | 7 | |
| Mechanical Critter | 3 | |
| Dust of Appearance | 2 | |
12 total
BunnyLvr (
pink | 20 APM | 858 actions | 43:54)
5 Archmage
2 Summon Water Elemental
3 Brilliance Aura
4 Paladin
2 Devotion Aura
1 Divine Shield
1 Holy Light
» actions
| Basic commands | 3 | |
| Build / train | 92 | |
| Enter build submenu | 34 | |
| Enter hero's abilities submenu | 9 | |
| Give item / drop item | 1 | |
| Remove unit from queue | 2 | |
| Right click | 288 | |
| Select / deselect | 371 | |
| Use ability | 58 | |
858 total
» units
| Peasant | 9 | |
| Footman | 5 | |
| Goblin Shredder | 1 | |
| Mortar Team | 2 | |
| Flying Machine | 28 | |
| Priest | 6 | |
| Goblin Zeppelin | 1 | |
| Gryphon Rider | 4 | |
56 total
» upgrades
| Priest Training | 1 | |
| Gunpowder | 3 | |
| Plating | 3 | |
| Flak Cannons | 1 | |
| Flying Machine Bombs | 1 | |
| Lumber Harvesting | 1 | |
| Flare | 1 | |
| Fragmentation Shards | 1 | |
| Storm Hammers | 1 | |
13 total
» buildings
| Altar of Kings | 1 | |
| Farm | 13 | |
| Barracks | 1 | |
| Lumber Mill | 2 | |
| Keep | 1 | |
| Blacksmith | 1 | |
| Arcane Vault | 1 | |
| Town Hall | 2 | |
| Workshop | 3 | |
| Arcane Sanctum | 1 | |
| Castle | 1 | |
| Gryphon Aviary | 5 | |
32 total
» build order
00:08 Altar of Kings
00:11 Farm
00:54 Farm
01:04 Barracks
01:25 Lumber Mill
05:30 Keep
05:38 Blacksmith
07:16 Farm
07:24 Arcane Vault
07:51 Town Hall
08:14 Farm
08:18 Workshop
08:23 Workshop
08:46 Town Hall
09:56 Farm
10:15 Arcane Sanctum
10:42 Farm
10:54 Castle
11:46 Farm
12:43 Workshop
12:52 Farm
14:01 Lumber Mill
14:23 Farm
16:31 Farm
16:39 Farm
17:25 Farm
18:28 Farm
28:28 Gryphon Aviary
28:37 Gryphon Aviary
28:40 Gryphon Aviary
28:43 Gryphon Aviary
28:49 Gryphon Aviary
» items
| Periapt of Vitality | 1 | |
| Circlet of Nobility | 1 | |
| Boots of Speed | 2 | |
| Staff of Teleportation | 1 | |
| Scroll of Town Portal | 2 | |
| Scroll of Regeneration | 1 | |
8 total
team 2 (loser)
manbearpig54 (
purple | 28 APM | 2775 actions | 99:59)
9 Blademaster
2 Wind Walk
3 Critical Strike
3 Mirror Image
1 Bladestorm
7 Shadow Hunter
3 Healing Wave
2 Serpent Ward
1 Hex
1 Big Bad Voodoo
7 Tauren Chieftain
3 Endurance Aura
3 War Stomp
1 Reincarnation
1 Dark Ranger
1 Silence
» actions
| Basic commands | 12 | |
| Build / train | 154 | |
| Enter build submenu | 22 | |
| Enter hero's abilities submenu | 25 | |
| Give item / drop item | 11 | |
| Right click | 1592 | |
| Select / deselect | 738 | |
| Use ability | 221 | |
2775 total
» units
| Peon | 15 | |
| Grunt | 5 | |
| Troll Headhunter/Berserker | 16 | |
| Tauren | 7 | |
| Shaman | 9 | |
| Demolisher | 22 | |
| Kodo Beast | 1 | |
| Wind Rider | 15 | |
| Goblin Zeppelin | 2 | |
92 total
» upgrades
| Melee Weapons | 3 | |
| Armor | 4 | |
| Berserker Strength | 1 | |
| Troll Regeneration | 1 | |
| Ranged Weapons | 3 | |
| Shaman Training | 2 | |
| Berserker Upgrade | 1 | |
| Pulverize | 1 | |
| Burning Oil | 1 | |
| War Drums Damage Increase | 1 | |
| Envenomed Spears | 1 | |
| Ensnare | 1 | |
| Liquid Fire | 1 | |
| Spiked Barricades | 1 | |
| Reinforced Defenses | 1 | |
23 total
» buildings
| Orc Burrow | 8 | |
| Altar of Storms | 1 | |
| Barracks | 2 | |
| Voodoo Lounge | 1 | |
| War Mill | 2 | |
| Stronghold | 1 | |
| Great Hall | 2 | |
| Fortress | 1 | |
| Spirit Lodge | 1 | |
| Tauren Totem | 2 | |
| Beastiary | 1 | |
22 total
» build order
00:29 Orc Burrow
00:35 Altar of Storms
01:14 Barracks
01:25 Orc Burrow
02:13 Voodoo Lounge
03:44 War Mill
03:54 Stronghold
04:24 War Mill
04:30 Orc Burrow
06:04 Great Hall
06:10 Orc Burrow
07:05 Fortress
07:45 Spirit Lodge
10:03 Tauren Totem
12:16 Orc Burrow
15:30 Orc Burrow
15:33 Beastiary
16:49 Orc Burrow
17:50 Orc Burrow
19:00 Barracks
19:08 Tauren Totem
26:12 Great Hall
» items
| Healing Salve | 2 | |
| Circlet of Nobility | 1 | |
| Orb of Lightning | 5 | |
| Scroll of Speed | 1 | |
| Potion of Mana | 1 | |
10 total
commanderseven (
orange | 42 APM | 4585 actions | 108:45)
8 Paladin
2 Holy Light
2 Divine Shield
3 Devotion Aura
1 Resurrection
5 Archmage
2 Summon Water Elemental
2 Brilliance Aura
1 Blizzard
» actions
| Basic commands | 58 | |
| Build / train | 215 | |
| Enter build submenu | 43 | |
| Enter hero's abilities submenu | 13 | |
| Give item / drop item | 3 | |
| Remove unit from queue | 3 | |
| Right click | 2761 | |
| Select / deselect | 1328 | |
| Use ability | 159 | |
4585 total
» units
| Peasant | 22 | |
| Footman | 35 | |
| Goblin Shredder | 1 | |
| Goblin Zeppelin | 13 | |
| Knight | 8 | |
| Priest | 5 | |
| Siege Engine | 30 | |
| Mortar Team | 6 | |
| Rifleman | 5 | |
| Flying Machine | 26 | |
| Raider | 1 | |
| Troll Headhunter/Berserker | 1 | |
153 total
» upgrades
| Defend | 1 | |
| Animal War Training | 1 | |
| Masonry | 3 | |
| Plating | 3 | |
| Swords | 3 | |
| Lumber Harvesting | 2 | |
| Gunpowder | 3 | |
| Priest Training | 2 | |
| Magic Sentry | 1 | |
| Control Magic | 1 | |
| Sorceress Training | 2 | |
| Barrage | 1 | |
| Armor | 2 | |
| Flak Cannons | 1 | |
| Long Rifles | 1 | |
| Flying Machine Bombs | 1 | |
28 total
» buildings
| Lumber Mill | 3 | |
| Farm | 11 | |
| Altar of Kings | 1 | |
| Barracks | 3 | |
| Keep | 3 | |
| Town Hall | 9 | |
| Blacksmith | 1 | |
| Castle | 2 | |
| Arcane Vault | 1 | |
| Arcane Sanctum | 1 | |
| Scout Tower | 10 | |
| Guard Tower | 9 | |
| Workshop | 3 | |
57 total
» build order
00:27 Lumber Mill
00:53 Farm
01:35 Altar of Kings
01:39 Barracks
01:52 Barracks
01:58 Farm
02:09 Farm
02:22 Farm
03:03 Farm
03:37 Farm
03:59 Farm
04:20 Farm
04:55 Keep
05:40 Town Hall
06:22 Blacksmith
07:32 Castle
10:42 Barracks
10:49 Arcane Vault
11:02 Town Hall
11:55 Farm
12:23 Arcane Sanctum
12:32 Scout Tower
12:43 Scout Tower
13:15 Guard Tower
13:17 Scout Tower
13:18 Guard Tower
13:21 Scout Tower
13:26 Scout Tower
13:36 Scout Tower
13:56 Guard Tower
14:02 Guard Tower
14:10 Scout Tower
14:12 Guard Tower
14:28 Scout Tower
15:08 Guard Tower
15:11 Scout Tower
16:09 Lumber Mill
16:13 Guard Tower
16:15 Scout Tower
16:25 Guard Tower
17:09 Workshop
17:12 Workshop
17:49 Workshop
20:55 Farm
20:57 Guard Tower
21:11 Farm
24:56 Keep
25:29 Town Hall
27:38 Town Hall
30:19 Keep
31:35 Castle
37:40 Town Hall
44:27 Town Hall
65:03 Town Hall
65:09 Town Hall
74:39 Town Hall
94:05 Lumber Mill
» items
| Potion of Healing | 1 | |
| Orb of Fire | 1 | |
2 total
jinshil (
blue | 36 APM | 4329 actions | 119:00)
10 Demon Hunter
3 Immolation
3 Evasion
1 Metamorphosis
3 Mana Burn
» actions
| Assign group hotkey | 1 | |
| Basic commands | 416 | |
| Build / train | 158 | |
| ESC pressed | 3 | |
| Enter build submenu | 31 | |
| Enter hero's abilities submenu | 10 | |
| Give item / drop item | 2 | |
| Right click | 2319 | |
| Select / deselect | 1149 | |
| Select group hotkey | 3 | |
| Use ability | 237 | |
4329 total
» units
| Wisp | 39 | |
| Archer | 16 | |
| Goblin Zeppelin | 3 | |
| Hippogryph | 12 | |
| Blue Dragon Whelp | 3 | |
| Blue Drake | 3 | |
| Druid of the Talon | 7 | |
| Glaive Thrower | 7 | |
| Huntress | 2 | |
| Blue Dragon | 1 | |
| Dryad | 18 | |
111 total
» upgrades
| Strength of the Moon | 3 | |
| Moon Armor | 3 | |
| Improved Bows | 1 | |
| Hippogryph Taming | 1 | |
| Strength of the Wild | 3 | |
| Reinforced Hides | 3 | |
| Marksmanship | 1 | |
| Druid of the Talon Training | 2 | |
| Vorpal Blades | 1 | |
| Mark of the Talon | 1 | |
| Sentinel | 1 | |
| Ultravision | 1 | |
| Well Spring | 1 | |
| Abolish Magic | 1 | |
23 total
» buildings
| Altar of Elders | 1 | |
| Moon Well | 9 | |
| Hunter's Hall | 1 | |
| Ancient of War | 2 | |
| Ancient Protector | 8 | |
| Tree of Ages | 1 | |
| Ancient of Wind | 2 | |
| Tree of Eternity | 1 | |
| Tree of Life | 4 | |
| Ancient of Lore | 2 | |
31 total
» build order
00:09 Altar of Elders
00:19 Moon Well
01:13 Hunter's Hall
01:44 Ancient of War
01:58 Ancient of War
02:13 Moon Well
02:34 Ancient Protector
04:16 Moon Well
04:39 Tree of Ages
05:29 Moon Well
06:24 Moon Well
07:18 Ancient of Wind
07:30 Ancient of Wind
09:14 Moon Well
11:46 Tree of Eternity
12:37 Tree of Life
20:33 Ancient Protector
20:39 Ancient Protector
20:41 Ancient Protector
22:22 Moon Well
22:33 Moon Well
22:38 Ancient Protector
23:28 Ancient Protector
23:29 Ancient Protector
23:30 Ancient Protector
25:08 Moon Well
29:44 Tree of Life
32:51 Ancient of Lore
33:29 Ancient of Lore
36:48 Tree of Life
73:29 Tree of Life
» items
| Periapt of Vitality | 6 | |
| Potion of Lesser Invulnerability | 1 | |
| Orb of Lightning | 1 | |
8 total

»
Furiouspaladin (
green | 9 APM | 1009 actions | 108:55)
4 Paladin
2 Devotion Aura
2 Holy Light
3 Dark Ranger
2 Black Arrow
1 Silence
» actions
| Build / train | 82 | |
| Enter build submenu | 30 | |
| Enter hero's abilities submenu | 7 | |
| Remove unit from queue | 4 | |
| Right click | 417 | |
| Select / deselect | 423 | |
| Use ability | 46 | |
1009 total
» units
| Peasant | 12 | |
| Rifleman | 13 | |
| Blue Dragon | 1 | |
| Gryphon Rider | 36 | |
62 total
» upgrades
» buildings
| Altar of Kings | 1 | |
| Barracks | 1 | |
| Lumber Mill | 3 | |
| Blacksmith | 1 | |
| Farm | 14 | |
| Keep | 1 | |
| Gryphon Aviary | 2 | |
| Castle | 1 | |
| Town Hall | 2 | |
26 total
» build order
00:21 Altar of Kings
00:33 Barracks
00:40 Lumber Mill
01:49 Blacksmith
02:09 Farm
03:01 Farm
03:54 Farm
04:24 Lumber Mill
04:41 Farm
05:23 Farm
05:37 Keep
07:12 Farm
08:13 Farm
10:43 Gryphon Aviary
11:44 Farm
11:49 Gryphon Aviary
13:14 Castle
16:38 Farm
18:39 Farm
20:24 Farm
21:28 Farm
22:53 Farm
23:34 Farm
47:33 Lumber Mill
49:15 Town Hall
62:54 Town Hall
» items
Chat log
(00:32 / Allies) oreocookie: air
(00:39 / Allies) BunnyLvr: mort
(00:42 / Allies) nubaratchio: tarun n shamans
(04:04 / Allies) oreocookie: get shop red
(04:08 / Allies) nubaratchio: getting
(04:10 / Allies) oreocookie: plz dont use my fountains i need to heal
(04:17 / Allies) nubaratchio: its night
(04:32 / Allies) RODRIGO_BORGIA: lets get this
(04:55 / Allies) BunnyLvr: omw
(05:17 / Allies) RODRIGO_BORGIA: take sliper
(05:27 / Allies) oreocookie: dont folllow me
(05:38 / Allies) oreocookie: ive warned
(05:39 / Allies) nubaratchio: getting mine
(06:46 / Allies) BunnyLvr: what we got comin teal?
(06:53 / Allies) RODRIGO_BORGIA: knights or rifle
(06:58 / Allies) RODRIGO_BORGIA: not sure about the others
(08:09 / All) oreocookie: hero chaser noob
(08:23 / All) oreocookie: how many men did u lose blue lmao
(08:36 / All) jinshil: lmao
(08:41 / All) jinshil: pressure on u not to lose
(10:36 / Allies) RODRIGO_BORGIA: make air guys
(10:50 / Allies) BunnyLvr: ill go tanks
(11:00 / Allies) BunnyLvr: wait are they all melee?
(11:12 / Allies) RODRIGO_BORGIA: make air
(11:21 / Allies) BunnyLvr: ill make flying machines
(11:23 / Allies) oreocookie: wood
(13:31 / Allies) oreocookie: wtf
(13:35 / Allies) oreocookie: wtf
(13:42 / Allies) BunnyLvr: ?
(13:43 / Allies) RODRIGO_BORGIA: need expansion
(13:44 / Allies) oreocookie: oh did you clear it teal
(13:45 / Allies) oreocookie: u fag
(13:50 / Allies) oreocookie: xpan there
(13:51 / Allies) oreocookie: wow
(13:55 / Allies) RODRIGO_BORGIA: sorry
(14:04 / Allies) RODRIGO_BORGIA: you already had 2 exps so i figured it would be ok
(14:11 / Allies) oreocookie: towers will not win this game retard
(14:18 / Allies) RODRIGO_BORGIA: it will if you guys make air
(14:26 / Allies) oreocookie: lmao
(17:58 / Allies) nubaratchio: ty
(21:11 / Allies) nubaratchio: lol?
(21:13 / Allies) oreocookie: wow
(21:21 / Allies) oreocookie: why do i keep running into them
(22:02 / Allies) RODRIGO_BORGIA: ty
(23:06 / Allies) RODRIGO_BORGIA: air needed here
(23:30 / Allies) oreocookie: game over
(23:32 / Allies) oreocookie: mass tanks
(26:46 / Allies) oreocookie: help
(26:47 / Allies) oreocookie: whos meleee
(26:50 / Allies) oreocookie: wow
(27:00 / Allies) oreocookie: thxs faggots
(27:53 / Allies) oreocookie: yep towers do fuckin help hey teal
(27:57 / Allies) oreocookie: what a noob
(27:59 / Allies) RODRIGO_BORGIA: where's the air huh?
(28:13 / Allies) oreocookie: no thxs to any of you fucks
(28:19 / Allies) RODRIGO_BORGIA: as i said get aiar
(28:23 / Allies) oreocookie: move red
(28:25 / Allies) oreocookie: wtf
(28:28 / Allies) RODRIGO_BORGIA: and it would be fine
(28:31 / Allies) oreocookie: move
(28:39 / Allies) oreocookie: wow
(28:44 / Allies) oreocookie: just sits liek a fag
(29:34 / Allies) RODRIGO_BORGIA: where's the air support?
(29:46 / Allies) BunnyLvr: mine is all dead i had 100 flying machines
(30:04 / Allies) RODRIGO_BORGIA: yellows chims are sitting htere doing nothing
(30:07 / Allies) RODRIGO_BORGIA: when they could be winning the game
(30:30 / Allies) RODRIGO_BORGIA: while his hips could kill gryph
(30:39 / Allies) RODRIGO_BORGIA: and he blames me lol
(30:55 / Allies) oreocookie: formt he guy who only builds towers all game
(30:56 / Allies) oreocookie: lmao
(31:03 / Allies) RODRIGO_BORGIA: i said i wluld need air support for it
(31:07 / Allies) RODRIGO_BORGIA: and it was not provided
(31:10 / Allies) RODRIGO_BORGIA: not my fault
(31:14 / Allies) oreocookie: your the retard
(31:15 / Allies) RODRIGO_BORGIA: we could be winning if you would participate
(31:21 / Allies) oreocookie: i was beaten by mass tansk u fag
(31:30 / Allies) RODRIGO_BORGIA: not atm tyou're nto
(31:31 / Allies) oreocookie: didn't see your towers helpin me at all homo
(31:40 / Allies) RODRIGO_BORGIA: they would win the game if they were backed by your units
(31:46 / Allies) BunnyLvr: ive got 20 griffs cookin
(32:16 / Allies) RODRIGO_BORGIA: see how well that works?
(32:58 / Allies) RODRIGO_BORGIA: sorry misfire
(37:58 / Allies) BunnyLvr: so, now what?
(38:13 / Allies) RODRIGO_BORGIA: now make air and air based aa and kill them
(38:21 / Allies) RODRIGO_BORGIA: but don't go suiciding
(38:31 / Allies) RODRIGO_BORGIA: we need towers for defense but still need the air to defend them
(41:29 / All) RODRIGO_BORGIA: hows it going?
(41:36 / All) oreocookie: noob oj
(42:07 / All) oreocookie: just leave
(42:36 / All) Furiouspaladin: lol its a gryphon race
(42:37 / Allies) oreocookie: im killing oj
(42:47 / Allies) RODRIGO_BORGIA: we gotta intercept that army
(43:01 / Allies) oreocookie: shit
(43:04 / Allies) oreocookie: well i guess i can't
(43:37 / Allies) RODRIGO_BORGIA: damnit red i said don't suicide
(43:43 / Allies) RODRIGO_BORGIA: oh
(43:57 / Allies) RODRIGO_BORGIA: what the fuck?
(44:01 / Allies) RODRIGO_BORGIA: we got this
(44:15 / Allies) RODRIGO_BORGIA: yellow
(44:18 / Allies) RODRIGO_BORGIA: you can kill that arym
(45:32 / Allies) oreocookie: teal is such the noob
(45:40 / Allies) RODRIGO_BORGIA: wtf
(45:44 / Allies) RODRIGO_BORGIA: why did you just suiicide your army?
(45:49 / Allies) oreocookie: ,mass bats
(45:50 / Allies) oreocookie: lmao
(45:56 / Allies) oreocookie: just sitting
(46:05 / Allies) RODRIGO_BORGIA: i said don't suicide : \
(46:12 / Allies) oreocookie: if you fuckin just left them where they were noob
(46:13 / Allies) RODRIGO_BORGIA: unless it's bats suicided
(46:30 / Allies) oreocookie: and blokes both entraces do men can't get through
(46:32 / Allies) oreocookie: gj fag
(46:37 / Allies) RODRIGO_BORGIA: thats why you make air
(46:39 / Allies) RODRIGO_BORGIA: and zeppelins for heroes
(47:45 / Allies) oreocookie: give me gold noob
(48:53 / Allies) oreocookie: still can't get through
(48:54 / Allies) oreocookie: wow
(50:28 / Allies) RODRIGO_BORGIA: entangel
(50:28 / Allies) RODRIGO_BORGIA: him
(50:42 / Allies) RODRIGO_BORGIA: you had the opprotunity to anyway.
(53:03 / All) Furiouspaladin: how?
(53:24 / Allies) oreocookie: make an entrace u noob to your towers
(53:33 / Allies) RODRIGO_BORGIA: use a zeppelin
(53:33 / Allies) oreocookie: idiot
(53:35 / Allies) RODRIGO_BORGIA: for your heroes
(53:51 / All) jinshil: F
(53:54 / Allies) RODRIGO_BORGIA: becuase they idea is enemy units don't go through
(54:46 / Allies) RODRIGO_BORGIA: gonna need them chims
(54:50 / Allies) RODRIGO_BORGIA: against kngihts
(54:56 / Allies) oreocookie: geting melee
(54:56 / Allies) RODRIGO_BORGIA: also oj is making copters and morts
(54:57 / Allies) oreocookie: retard
(55:00 / Allies) RODRIGO_BORGIA: why
(55:06 / Allies) RODRIGO_BORGIA: chims kill knights and morts
(55:08 / Allies) oreocookie: they have mass tanks noob
(55:08 / Allies) RODRIGO_BORGIA: that's what oj has
(55:29 / Allies) RODRIGO_BORGIA: enough towers kill tanks anyway
(55:36 / Allies) RODRIGO_BORGIA: but we need the chims to kill nkights and morts
(55:46 / Allies) oreocookie: how gay
(56:19 / Allies) RODRIGO_BORGIA: entangle him
(56:32 / Allies) RODRIGO_BORGIA: seriously?
(56:35 / Allies) RODRIGO_BORGIA: entangle prevents attack
(57:32 / Allies) RODRIGO_BORGIA: bats kill copters well
(57:36 / Allies) oreocookie: open entrance
(57:37 / Allies) oreocookie: u noob
(57:46 / Allies) oreocookie: dont have money to buy zips retard
(57:47 / Allies) RODRIGO_BORGIA: he has a lot more stuff that we need air for
(57:54 / Allies) RODRIGO_BORGIA: yes you dop
(57:59 / Allies) RODRIGO_BORGIA: yes you do*
(58:07 / Allies) oreocookie: your so fuckin retarded
(58:45 / Allies) RODRIGO_BORGIA: duded stop
(58:50 / Allies) RODRIGO_BORGIA: you can make zepplelins
(58:53 / Allies) RODRIGO_BORGIA: they are not expensive
(58:55 / Allies) RODRIGO_BORGIA: and you are rich
(58:58 / Allies) oreocookie: your so retarded
(59:03 / Allies) RODRIGO_BORGIA: honestly
(59:07 / Allies) RODRIGO_BORGIA: this way you won't need to destroy towers
(59:11 / Allies) RODRIGO_BORGIA: and you can still kill the tanks/rifle
(59:27 / All) commanderseven: enough gold for you
(59:44 / Allies) oreocookie: wow destoy two tower is going to make a big deal retard
(59:59 / Allies) RODRIGO_BORGIA: it iwll
(60:03 / Allies) RODRIGO_BORGIA: if it lest them get through
(60:10 / Allies) oreocookie: your a nooob
(60:15 / Allies) oreocookie: need to gte melee through
(60:17 / Allies) oreocookie: retard
(60:20 / Allies) RODRIGO_BORGIA: thats why
(60:22 / Allies) RODRIGO_BORGIA: you get zeppelins
(61:01 / Allies) oreocookie: your such a retard
(61:10 / Allies) RODRIGO_BORGIA: why can't you listen to me
(61:18 / Allies) oreocookie: listen to the tower noob
(61:21 / Allies) oreocookie: okay retard
(61:27 / Allies) RODRIGO_BORGIA: oyu're not making any sense
(61:56 / Allies) RODRIGO_BORGIA: can you pass me 100 gold please?
(62:02 / Allies) RODRIGO_BORGIA: so i can make hawks?
(63:05 / Allies) RODRIGO_BORGIA: gotta kill that army
(64:38 / All) Furiouspaladin: i got 1600 gold and 3000 lumber
(65:17 / Allies) RODRIGO_BORGIA: man
(65:18 / Allies) RODRIGO_BORGIA: we lost
(65:24 / Allies) RODRIGO_BORGIA: because you didn't believe in the strategy
(65:26 / Allies) RODRIGO_BORGIA: and didn't listen to me
(65:29 / Allies) RODRIGO_BORGIA: it's your fault
(65:52 / Allies) RODRIGO_BORGIA: can't even get dust
(66:47 / Allies) RODRIGO_BORGIA: if you had just listened to me
(66:50 / Allies) RODRIGO_BORGIA: we would have won this
(67:06 / All) RODRIGO_BORGIA: having fun?
(67:22 / All) commanderseven: your team isnt
(67:25 / All) commanderseven: two left
(67:33 / All) RODRIGO_BORGIA: yeah yellow was being mean
(67:48 / All) RODRIGO_BORGIA: he costed us the game by not listening to me
(73:04 / All) RODRIGO_BORGIA: |i don't think yellow used entangling roots at all this game
(73:10 / All) RODRIGO_BORGIA: at least not that I saw.
(74:18 / All) RODRIGO_BORGIA: Crap
(74:47 / All) RODRIGO_BORGIA: if red and pink didn't leave, and yellow listened
(74:51 / All) RODRIGO_BORGIA: we woulda won
(75:09 / All) jinshil: maybe who knows
(75:10 / All) RODRIGO_BORGIA: yellows stubborn pride was his undoing.
(75:19 / All) RODRIGO_BORGIA: and our undoing.
(75:25 / All) commanderseven: no
(75:30 / All) commanderseven: our skill was your undoing
(75:34 / All) RODRIGO_BORGIA: lol
(75:41 / All) jinshil: lol
(75:57 / All) RODRIGO_BORGIA: your skill didn't cause my team to abandon me
(76:12 / All) RODRIGO_BORGIA: yellow went afk like 20 minutes ago
(76:17 / All) RODRIGO_BORGIA: he's probably still watching though.
(76:42 / All) commanderseven: yellow recognized who i as and realized all was lost
(76:52 / All) commanderseven: yes
(77:24 / All) RODRIGO_BORGIA: oh crap
(77:31 / All) RODRIGO_BORGIA: I accidentally loaded reds army into yellows zeppelin
(77:34 / All) RODRIGO_BORGIA: and i can't get them out.
(77:55 / All) commanderseven: you also accidentally thought you could win too
(77:56 / All) RODRIGO_BORGIA: now i have to kill it with a shaman
(78:05 / All) RODRIGO_BORGIA: no, i thought i could win
(78:15 / All) RODRIGO_BORGIA: it's just that my team abandoned the game.
(78:21 / All) RODRIGO_BORGIA: magic.
(79:15 / All) RODRIGO_BORGIA: forgot towers can attack zeppelisn too lol
(79:53 / All) commanderseven: this was a real good game
(79:58 / All) RODRIGO_BORGIA: it sure was
(80:15 / All) Furiouspaladin: especially since i was carried...
(81:02 / All) commanderseven: why didnt you use top mine?
(81:06 / All) RODRIGO_BORGIA: did
(81:09 / All) RODRIGO_BORGIA: it got killed though
(81:19 / All) commanderseven: it was empty fo a long while
(81:24 / All) RODRIGO_BORGIA: yeah
(81:46 / All) RODRIGO_BORGIA: epic long battle awaits
(81:49 / All) Furiouspaladin: lol my heroes didnt stand a chance againt your units
(82:02 / All) RODRIGO_BORGIA: finally he left fuck
(82:08 / All) manbearpig54: bullshit you dumb ass
(82:12 / All) jinshil: yellow that faggot
(82:22 / All) RODRIGO_BORGIA: too bad he has no wisps
(82:24 / All) RODRIGO_BORGIA: or moon wells
(82:46 / All) manbearpig54: give me some gold
(82:56 / All) RODRIGO_BORGIA: whats all your guys gold?
(82:58 / All) manbearpig54: yeah
(83:02 / All) RODRIGO_BORGIA: and lumber?
(83:08 / All) manbearpig54: leave you dumb fucker
(83:13 / All) RODRIGO_BORGIA: i still got an army
(84:09 / All) Furiouspaladin: teal you lost and we lost
(84:23 / All) manbearpig54: everybody lost
(84:28 / All) manbearpig54: this shit was to long
(84:31 / All) RODRIGO_BORGIA: i think everybody won
(84:34 / All) RODRIGO_BORGIA: this shit was great
(84:39 / All) manbearpig54: im reportin teal for bulllshit
(84:41 / All) RODRIGO_BORGIA: lol
(85:07 / All) Furiouspaladin: this is gonna be interesting
(85:13 / All) RODRIGO_BORGIA: boy will it
(85:14 / All) manbearpig54: more gold
(85:22 / All) manbearpig54: no the fuck it aint
(85:30 / All) RODRIGO_BORGIA: yellow left with 850 gold
(85:39 / All) RODRIGO_BORGIA: red has 35
(85:43 / All) RODRIGO_BORGIA: and 10280 lumber
(85:47 / All) RODRIGO_BORGIA: yellow has 19431 lumber
(85:51 / All) RODRIGO_BORGIA: pink has 92 gold and 4961 lumber
(85:56 / All) RODRIGO_BORGIA: i have 0 gold and 7054 wood
(86:08 / All) Furiouspaladin: okay so in the end you lost
(86:41 / All) RODRIGO_BORGIA: GRRRRR
(87:10 / All) commanderseven: here goes nothing
(87:19 / All) manbearpig54: wait
(87:38 / All) Furiouspaladin: k teal and orange im thinking of a number 1-10 who ever guesses it wins lol
(87:48 / All) commanderseven: 7
(88:39 / All) Furiouspaladin: teal got owned
(88:58 / All) manbearpig54: ok
(89:01 / All) manbearpig54: up top
(89:08 / All) RODRIGO_BORGIA: This is gonna be EPIC
(89:19 / All) manbearpig54: no it aint an stfu
(89:47 / All) RODRIGO_BORGIA: there was once a game of this that lasted for 4 days
(89:53 / All) commanderseven: lol
(89:57 / All) commanderseven: yeah right
(90:01 / All) RODRIGO_BORGIA: no seriiously
(90:15 / All) RODRIGO_BORGIA: ask on the battl.net official war3 general forum
(90:19 / All) Furiouspaladin: in korea and their children died of starvation
(90:27 / All) commanderseven: oh yeah
(90:31 / All) commanderseven: i read baout that
(90:34 / All) commanderseven: lol
(90:43 / All) commanderseven: not funny that the kids died though
(91:47 / All) Furiouspaladin: anyone watching family guy
(91:52 / All) Furiouspaladin: its hilarious
(92:01 / All) Furiouspaladin: it the one were they hire the maid
(94:04 / All) RODRIGO_BORGIA: FUKCIN RAPED
(94:24 / All) manbearpig54: rebuilding pervert
(98:12 / All) Furiouspaladin: teal no offense but your a dick
(98:17 / All) RODRIGO_BORGIA: lol
(99:16 / All) RODRIGO_BORGIA: status?
(100:06 / All) RODRIGO_BORGIA: lol
(100:23 / All) RODRIGO_BORGIA: good thing yellow left
(101:36 / All) Furiouspaladin: suck it teak
(101:43 / All) Furiouspaladin: teal'
(101:49 / All) RODRIGO_BORGIA: Lol
(102:44 / All) Furiouspaladin: how long was this battle?
(102:49 / All) RODRIGO_BORGIA: very long
(103:06 / All) Furiouspaladin: teal are you spanish?
(104:16 / All) Furiouspaladin: how come we havent won we destroyed all their townhalls?
(104:27 / All) RODRIGO_BORGIA: gotta kill all buildings :P
(105:16 / All) RODRIGO_BORGIA: gg
(105:38 / All) RODRIGO_BORGIA: not sure hwo you guys screwed this one up even though my whole team abandoned me
(106:15 / All) Furiouspaladin: you're better?
(106:32 / All) RODRIGO_BORGIA: dunno
(108:08 / All) RODRIGO_BORGIA: this was a lot of fun.
(108:08 / All) Furiouspaladin: teal we have a tiny little dragon thats gonna own you
(108:57 / All) RODRIGO_BORGIA: gg
(113:10 / All) RODRIGO_BORGIA: i got a cloak of shadows :D
(118:53 / All) RODRIGO_BORGIA: good game